 Dungeon Crawl Stone Soup version 0.14-a0-1590-g25a9b7f (webtiles) character file.

182 M4edhros the Poker (level 5, -7/36 HPs)
             Began as an Octopode Chaos Knight on Dec 23, 2013.
             Was a Plaything of Xom.
             Mangled by Grinder the red devil (13 damage)
             ... on Level 3 of the Dungeon.
             The game lasted 00:01:45 (1005 turns).

M4edhros the Poker (Octopode Chaos Knight)          Turns: 1005, Time: 00:01:46

HP  -7/36        AC  1     Str 17      XL: 5   Next:  7%
MP  14/14        EV 13     Int 15      God: Xom
Gold 59          SH  0     Dex 11      Spells:  0 memorised,  4 levels left

rFire  . . .     SeeInvis .     a - +0 spear (chaos)
rCold  . . .     Clarity  .     (no shield)
rNeg   . . .     Conserve .     (helmet restricted)
rPois  .         rCorr    .     (no amulet)
rElec  .         rRot     .     h - ring of magical power
SustAb . .       Spirit   .     (no ring)
rMut   .         Warding  .     (no ring)
Saprov . . .     Stasis   .     (no ring)
                                (no ring)
                                (no ring)
                                (no ring)
                                (no ring)

@: mighty, slowed, very slow, slightly resistant to hostile enchantments, fairly
stealthy
A: almost no armour, amphibious, 8 rings, constrict 8, camouflage 1, gelatinous
body 1
a: Renounce Religion


You were on level 3 of the Dungeon.
You worshipped Xom.
You were a toy of Xom.
You were not hungry.

You visited 1 branch of the dungeon, and saw 3 of its levels.

You collected 59 gold pieces.

Inventory:

Hand weapons
 a - a +0,+0 spear of chaos (weapon)
Magical devices
 m - a wand of polymorph (2)
Comestibles
 c - 2 bread rations
 k - a meat ration
 o - an apple
Scrolls
 b - a scroll of noise {unknown}
 d - a scroll of amnesia {unknown}
 e - 2 scrolls of identify {unknown}
 g - 2 scrolls of remove curse {unknown}
 i - 2 scrolls of enchant armour {unknown}
 j - a scroll of enchant weapon I {unknown}
 n - a scroll of magic mapping {unknown}
Jewellery
 h - a ring of magical power (left tentacle)


   Skills:
 - Level 3.0 Fighting
 * Level 4.7 Polearms
 + Level 3.7 Dodging


You had 4 spell levels left.
You didn't know any spells.

Dungeon Overview and Level Annotations

Branches:
Dungeon (3/16)

Altars:

Annotations:
D:3 Grinder


Innate Abilities, Weirdness & Mutations

You cannot wear most types of armour.
You are amphibious.
You can wear up to eight rings at the same time.
You can use your tentacles to constrict many enemies at once.
Your skin changes colour to match your surroundings (Stlth).
Your rubbery body absorbs attacks (AC +1).


Message History

Drink which item? (? for menu, Esc to quit)
You feel refreshed.
It was a potion of restore abilities.
Xom thinks this is hilarious!
You hear a zap.
Something tries to affect you, but you resist.
Evoke which item? (* to show all) (? for menu, Esc to quit)
Zapping:
m - a sharpened silver wand
Press: ? - help, Shift-Dir - straight line Grinder appears out of thin air!
Reactivating autopickup.
m - a wand of polymorph {zapped: 1} Grinder barely misses you.
Press: ? - help, v - describe, . - travel, g - get item
Here: Grinder the red devil A wand of slowing {zapped: 1}.
The floor.
Grinder completely misses you. Grinder hits you!
You die...
Xom thinks this is hilarious!

#.....................
#.....................
#..###################
#..# #..# #..#
#..############# ###
#............... ....
#....@4../....... ...
#.......$)....... ###
#.################. #.
#. #. #####. #.
......### #. .........
#. .......... .
#####...#


You could see Grinder the red devil.

Vanquished Creatures
  Sigmund (D:3)
  An adder (D:2)
  A giant gecko (D:3)
  2 goblins (D:1)
  2 hobgoblins
  14 jackals
  5 kobolds (D:1)
  5 bats
  2 giant newts (D:1)
  4 rats
37 creatures vanquished.

Notes
Turn   | Place    | Note
--------------------------------------------------------------
     0 | D:1      | M4edhros, the Octopode Chaos Knight, began the quest for the Orb.
     0 | D:1      | Reached XP level 1. HP: 16/16 MP: 1/1
    23 | D:1      | XOM: harmless Fire miscast
    62 | D:1      | Reached XP level 2. HP: 1/21 MP: 2/2
   708 | D:1      | Reached XP level 3. HP: 26/26 MP: 3/3
   710 | D:1      | XOM: potion effect (agility)
   897 | D:2      | You fall through a shaft!
   989 | D:3      | Noticed Grinder
   991 | D:3      | XOM: potion effect (might)
   992 | D:3      | Noticed Sigmund
   999 | D:3      | Killed Sigmund
   999 | D:3      | Reached skill level 4 in Polearms
   999 | D:3      | Reached XP level 4. HP: 16/31 MP: 4/4
   999 | D:3      | Reached XP level 5. HP: 18/36 MP: 5/5
  1002 | D:3      | Noticed Grinder
  1005 | D:3      | Mangled by Grinder the red devil

Action                   |  1- 3 |  4- 6 || total
-------------------------+-------+-------++-------
Melee: Spear             |    90 |       ||    90
Evoke: Wand              |       |     1 ||     1
  Use: Potion            |     2 |     2 ||     4
